 Dungeon Crawl Stone Soup version 0.27-a0-1149-g4505690ab0 (webtiles) character file.

Game seed: 6172135162895723286

97 senseless the Skirmisher (level 4, -4/37 HPs)
             Began as a Palentonga Fighter on May 13, 2021.
             Slain by a goblin
             ... wielding a +0 dagger
             ... led by Robin
              (5 damage)
             ... on level 2 of the Dungeon.
             The game lasted 00:04:00 (1995 turns).

senseless the Skirmisher (Palentonga Fighter)       Turns: 1995, Time: 00:04:01

Health: -4/37      AC:  7    Str: 21    XL:     4   Next: 42%
Magic:  4/4        EV:  5    Int:  8    God:
Gold:   77         SH:  8    Dex:  9    Spells: 3/3 levels left

rFire    . . .     SeeInvis +   a - +1 flail
rCold    . . .     Faith    .   c - +0 kite shield
rNeg     . . .     Spirit   .   b - +0 scale mail
rPois    .         Reflect  .   (helmet restricted)
rElec    .         Harm     .   (no cloak)
rCorr    .         Rampage  .   i - +0 pair of gloves
Will     .....                  (no barding)
Stlth    ..........             (no amulet)
HPRegen  0.12/turn              (no ring)
MPRegen  0.09/turn              (no ring)

@: mighty, attractive, flying
A: large, rugged brown scales 3, see invisible, deformed body, roll 1, armoured
tail, horns 1
a: Rolling Charge


You were on level 2 of the Dungeon.
You visited 1 branch of the dungeon, and saw 2 of its levels.

You collected 77 gold pieces.

Inventory:

Hand Weapons
 a - a +1 flail (weapon)
Armour
 b - a +0 scale mail (worn)
 c - a +0 kite shield (worn)
 i - a +0 pair of gloves (worn)
Jewellery
 g - a ring of wizardry
Potions
 d - a potion of might
 k - 2 potions of attraction


   Skills:
 + Level 3.4 Fighting
 + Level 3.1 Maces & Flails
 + Level 2.9 Armour
 + Level 1.0 Dodging
 + Level 2.7 Shields


You had 3 spell levels left.
You didn't know any spells.
Your spell library was empty.

Dungeon Overview and Level Annotations

Branches:
Dungeon (2/15)

Altars:

Annotations:
D:2 Robin


Innate Abilities, Weirdness & Mutations

You are completely covered in rugged brown scales. (AC +3, +7% HP)
You have supernaturally acute eyesight. (SInv)
Armour fits poorly on your strangely shaped body.
You can roll at nearby foes to attack.
You have a long armoured tail.
You have a pair of small horns on your head.


Message History

The bat hits you but does no damage.
The goblin hits you with a +0 dagger of electrocution.
The goblin hits you with a +0 dagger. Robin throws the goblin at you!
You sock the goblin!
You kill the goblin!
The hobgoblin no longer looks unusually strong.
The bat hits you but does no damage. The goblin barely misses you.
You block the goblin's attack. The bat closely misses you.
The ball python bites you but does no damage.
The goblin completely misses you. The goblin hits you with a +0 club.
The bat is pulled toward you!
You sock the ball python!
You kill the ball python!
The goblin no longer looks unusually strong.
The bat hits you but does no damage. The goblin hits you but does no damage.
The goblin hits you with a +0 club.
Robin roars a battlecry!
The goblins go into a battle-frenzy!
Robin is pulled toward you!
You sock the goblin!
You kill the goblin!
The bat hits you but does no damage. You block the bat's attack.
The goblin hits you with a +0 dagger of electrocution.
You are electrocuted!
* * * LOW HITPOINT WARNING * * *
The goblin barely misses you.
Robin roars a battlecry!
The goblin goes into a battle-frenzy!
You block the bat's attack.
The goblin hits you with a +0 dagger of electrocution.
* * * LOW HITPOINT WARNING * * *
The goblin hits you but does no damage. Robin is pulled toward you!
The ball python is pulled toward you!
You aren't carrying any scrolls.
You sock the bat!
You kill the bat!
The hobgoblin no longer looks unusually strong.
The goblin no longer looks unusually strong.
The goblin hits you with a +0 dagger.
You die...

... ##.#.#.#.##
# .. #.#.....#
##..##.###
#......#
#..####.#.#..#
#............#
##..####.#.#.##
)......†gg...#
###.##.#@#>###
#.#g#.# .#gg#..
g###gS..# .#
g.#.S.... .g
.........# ##
.g### ###.# ...
. #...


You could see Robin, a hobgoblin, 5 goblins and a ball python.

Vanquished Creatures
  Jessica (D:2)
  2 adders (D:2)
  A worm (D:2)
  3 dart slugs
  3 ball pythons
  3 endoplasms
  5 goblins
  2 hobgoblins (D:2)
  8 jackals
  A quokka (D:1)
  5 bats
  2 frilled lizards (D:1)
  2 kobolds
  6 rats
44 creatures vanquished.

Notes
Turn   | Place    | Note
-------+----------+-------------------------------------------
     0 | D:1      | senseless the Palentonga Fighter began the quest for the
                  | Orb.
     0 | D:1      | Reached XP level 1. HP: 19/19 MP: 1/1
   310 | D:1      | Reached XP level 2. HP: 8/25 MP: 2/2
   929 | D:1      | Found a faded altar of an unknown god.
  1185 | D:1      | Reached XP level 3. HP: 31/31 MP: 3/3
  1397 | D:2      | Noticed Jessica
  1398 | D:2      | Killed Jessica
  1735 | D:2      | Reached XP level 4. HP: 33/37 MP: 4/4
  1780 | D:2      | Reached skill level 1 in Dodging
  1979 | D:2      | Noticed Robin
  1989 | D:2      | Gained mutation: You have a pair of small horns on your
                  | head. [potion of mutation]
  1994 | D:2      | HP: 1/37 [goblin/+0 dagger of electrocution[Robin] (1)]
  1995 | D:2      | Slain by a goblin

Illustrated notes

Levels and vault maps discovered:
D:1:      wander_arrival_abandoned_jail, layout_loops_corners,
          basic_ecumenical_altar
D:2:      layout_loops_ring, uniq_robin, uniq_jessica

Skill      XL: |  1  2  3  4 |
---------------+-------------+-----
Maces & Flails | 3 |  3.1
Dodging        | 1 |  1.0
Fighting       | |  3.4
Armour         | |  2.9
Shields        | |  2.7

Action                   |  1- 3 |  4- 6 || total
-------------------------+-------+-------++-------
Melee: Flail             |   115 |    37 ||   152
       Tailslap          |     9 |     5 ||    14
 Abil: Rolling Charge    |    23 |     7 ||    30
  Use: Scroll            |     2 |     1 ||     3
       Potion            |       |     5 ||     5
Armor: Scale mail        |    87 |    41 ||   128
Dodge: Dodged            |    32 |    10 ||    42
Block: Kite shield       |    75 |    43 ||   118

Table legend: (Time is in decaauts)
 A = Elapsed time spent in this place.
 B = Non-inter-level travel time spent in this place.
 C = Inter-level travel time spent in this place.
 D = Time resting spent in this place.
 E = Time spent auto-exploring this place.
 F = Levels seen in this place.
 G = Mean time per level.
                   A        B        C        D        E       F      G
               +--------+--------+--------+--------+--------+-----+--------+
         Total |   2068 |   1998 |     70 |      2 |   1700 |   2 | 1034.0 |
       Dungeon |   2068 |   1998 |     70 |      2 |   1700 |   2 | 1034.0 |
               +--------+--------+--------+--------+--------+-----+--------+

Top non-repeatable levels by time:
     D:1: 1433 daAuts
     D:2: 635 daAuts
